 Dungeon Crawl Stone Soup version 0.18-a0-1314-g2549be2 (webtiles) character file.

218 Gottschkopf the Insei (level 5, -5/40 HPs)
             Began as a Draconian Transmuter on Feb 15, 2016.
             Was an Initiate of Cheibriados.
             Slain by Duvessa
             ... wielding a cursed -2 short sword
              (9 damage)
             ... on level 4 of the Dungeon.
             The game lasted 00:14:50 (3935 turns).

Gottschkopf the Insei (Draconian Transmuter)        Turns: 3935, Time: 00:14:50

Health: -5/40      AC:  2    Str: 13    XL:     5   Next: 63%
Magic:  1/9        EV: 21    Int: 14    God:    Cheibriados [......]
Gold:   124        SH:  0    Dex: 19    Spells: 3 memorised, 4 levels left

rFire  . . .     SeeInvis .       - Unarmed
rCold  . . .     Gourm    .     (armour unavailable)
rNeg   . . .     Faith    .     (shield currently unavailable)
rPois  x         Spirit   .     (helmet currently unavailable)
rElec  .         Dismiss  .     (cloak currently unavailable)
rCorr  .         Reflect  .     (gloves currently unavailable)
SustAt .         Harm     .     (boots currently unavailable)
MR     .....                    (no amulet)
Stlth  ++........               (no ring)
                                (no ring)

@: spider-form, flying, very slightly contaminated, very slow, not resistant to
hostile enchantments, unstealthy
A: unfitting armour, (cold-blooded), AC +5
a: End Transformation, Bend Time, Renounce Religion


You were on level 4 of the Dungeon.
You worshipped Cheibriados.
Cheibriados was noncommittal.
You were very hungry.
You were a venomous arachnid creature.
You visited 2 branches of the dungeon, and saw 5 of its levels.

You collected 124 gold pieces.

Inventory:

Missiles
 a - 40 arrows
Armour
 m - a +0 pair of boots (melded)
Wands
 w - a wand of digging (9/24)
Scrolls
 d - 3 scrolls of identify {unknown}
 e - a scroll of blinking {unknown}
 j - 2 scrolls of enchant armour {unknown}
 k - a scroll of fog {unknown}
 n - 2 scrolls of immolation {unknown}
 t - a scroll of enchant weapon {unknown}
Potions
 f - a potion of might {unknown}
 g - a potion of heal wounds {unknown}
 i - a potion of flight
 l - a potion of curing {unknown}
 o - a potion of berserk rage {unknown}
 q - a potion of degeneration {unknown}
 r - 2 potions of mutation {unknown}
 s - a potion of brilliance {unknown}
Books
 b - a book of Changes

   Spells                             Type                      Level
   a - Beastly Appendage              Transmutation                1
   b - Sticks to Snakes               Transmutation                2
   c - Spider Form                    Transmutation/Poison         3
   d - Ice Form                       Ice/Transmutation            4
   e - Blade Hands                    Transmutation                5
 x - a book of Enchantments

   Spells                             Type                      Level
   a - Cause Fear                     Hexes                        4
   b - Yara's Violent Unravelling     Hexes/Transmutation          5
   c - Silence                        Hexes/Air                    5
   d - Deflect Missiles               Charms/Air                   6
   e - Haste                          Charms                       6
   f - Discord                        Hexes                        8
Comestibles
 c - 5 bread rations
 h - a royal jelly
 p - a beef jerky
 u - 4 fruits
 v - a meat ration


   Skills:
 + Level 1.5 Fighting
 + Level 2.9 Dodging
 + Level 4.0 Unarmed Combat
 * Level 3.1 Spellcasting
 * Level 3.3 Transmutations
 + Level 0.4 Poison Magic


You had 4 spell levels left.
You knew the following spells:

 Your Spells              Type           Power        Failure   Level  Hunger
a - Beastly Appendage     Trmt           ##....       17%         1    #......
b - Sticks to Snakes      Trmt           ##......     24%         2    ##.....
c - Spider Form           Trmt/Pois      #.........   52%         3    ###....


Dungeon Overview and Level Annotations

Branches:
Dungeon (4/15)             Temple (1/1) D:4

Altars:
Ashenzari
Cheibriados
Dithmenos
Fedhas
Gozag
Makhleb
Nemelex Xobeh
Okawaru
Trog
The Shining One

Shops:
D:4 }

Annotations:
D:4 Dowan, Duvessa


Innate Abilities, Weirdness & Mutations

((Your plain brown scales are hard (AC +5).))
Your body does not fit into most forms of armour.
((You are cold-blooded and may be slowed by cold attacks.))


Message History

Duvessa misses you.
You hit Duvessa.
Duvessa is lightly wounded.
Duvessa hits you with a short sword! x2
* * * LOW HITPOINT WARNING * * *
You hit Duvessa.
Duvessa looks even sicker.
Duvessa is moderately wounded.
Duvessa hits you with a short sword.
* * * LOW HITPOINT WARNING * * *
You hit Duvessa.
Duvessa is heavily wounded.
Duvessa hits you with a short sword.
* * * LOW HITPOINT WARNING * * *
Drink which item? (? for menu, Esc to quit)
It was a potion of flight.
You feel very buoyant.
You fly up into the air.
Duvessa completely misses you. Duvessa misses you.
Duvessa says, "When magic and the sword combine, nothing stands against them."
Duvessa hits you with a short sword!
You die...

#...######.## .#.## #.#
.#. #...#### #.# # .#. ##.
#......###.####.# .. ...
#...##.##.......# .....
.#.#88.88....#### .#.#
.###8...8.....## ...#
..##8.>.8......####...##.#
....8...8......'see....!..
..##88888......####......#
.######.......## #..####
## ##.....## ..# ####
##...## ## ...# ##'## ##.#
#.# ##.#######.#
...........##


You could see Duvessa and Dowan.

Vanquished Creatures
  A scorpion (D:4)
  An orc priest (D:4)
  A gnoll (D:1)
  4 adders
  An ooze (D:1)
  A worm (D:3)
  2 giant geckos
  5 orcs
  4 giant cockroaches
  9 goblins
  9 hobgoblins
  8 jackals
  2 quokkas (D:3)
  12 bats
  3 giant newts
  6 kobolds
  10 rats
79 creatures vanquished.

Vanquished Creatures (collateral kills)
  2 bats (D:1)
2 creatures vanquished.

Grand Total: 81 creatures vanquished

Notes
Turn   | Place    | Note
--------------------------------------------------------------
     0 | D:1      | Gottschkopf the Draconian Transmuter began the quest for the Orb.
     0 | D:1      | Reached XP level 1. HP: 16/16 MP: 3/3
   521 | D:1      | Reached XP level 2. HP: 1/23 MP: 1/5
   526 | D:1      | Learned a level 2 spell: Sticks to Snakes
  1105 | D:1      | Reached XP level 3. HP: 28/28 MP: 4/6
  1192 | D:1      | Learned a level 3 spell: Spider Form
  2032 | D:2      | Reached XP level 4. HP: 17/35 MP: 6/8
  2228 | D:2      | Found a blossoming altar of Fedhas.
  3405 | D:4      | Found Enogeghiph's Gadget Boutique.
  3482 | D:4      | Reached XP level 5. HP: 40/40 MP: 5/9
  3541 | D:4      | Reached skill level 4 in Unarmed Combat
  3679 | D:4      | Found a staircase to the Ecumenical Temple.
  3715 | Temple   | Entered the Ecumenical Temple
  3847 | Temple   | Became a worshipper of Cheibriados the Contemplative
  3924 | D:4      | Noticed Duvessa
  3925 | D:4      | Noticed Dowan
  3935 | D:4      | Slain by Duvessa

Vault maps used:
D:1:      dpeg_arrival_chambers_temple_mockup, st_stairs_6, hex_large
D:2:      fedhas_altar_2, first_bread, kennysheep_minor_cross
D:3:      minmay_bisected
D:4:      minmay_temple_entry_statues, serial_shops, nicolae_shop_waterfront,
          uniq_menkaure, uniq_duvessa
Temple:   jpeg_temple_clearing_9

Action                   |  1- 3 |  4- 6 || total
-------------------------+-------+-------++-------
Melee: Unarmed           |   126 |   111 ||   237
 Cast: Beastly Appendage |    17 |    13 ||    30
       Sticks to Snakes  |     2 |       ||     2
       Spider Form       |     2 |     7 ||     9
  Use: Potion            |       |     1 ||     1
 Stab: Sleeping          |     1 |       ||     1
  Eat: Chunk             |     5 |     6 ||    11
